 Dungeon Crawl Stone Soup version 0.31.0-9-g3a7656b989 (webtiles) character file.

Game seed: 15863748586254840830

4200006 lilalause the Acrobat (level 27, 144/144 HPs)
             Began as a Spriggan Hunter on Jan 31, 2024.
             Was the Champion of Jiyva.
             Escaped with the Orb
             ... and 5 runes
             ... and 4 gems on Feb 1, 2024!
             The game lasted 04:40:45 (54466 turns).

lilalause the Acrobat (Spriggan Hunter)            Turns: 54466, Time: 04:40:46

Health: 144/144    AC: 16    Str:  9    XL:     27
Magic:  54/54      EV: 39    Int: 16    God:    Jiyva [******]
Gold:   4517       SH: 11    Dex: 27    Spells: 20/61 levels left

rFire   + + +        a - +7 hand cannon (heavy)
rCold   + . .        F - +3 warlock's mirror {omnireflect}
rNeg    + + .        J - quicksilver dragon scales
rPois   +            H - +2 hat {Will+}
rElec   +            E - +2 cloak
rCorr   +            (gloves unavailable)
SInv    +            (boots unavailable)
Will    +++++        A - amulet "Lann" {Faith *Corrode rPois rF+++ rC+}
Stlth   ++           W - ring "Nepnia" {Wiz rN+ rCorr}
HPRegen 2.04/turn    z - ring of Feuqol {Wiz rElec rF+ rN+ Dex-4}
MPRegen 1.14/turn

%: corrode self (3%), reflection, clarity, faith, wizardry (x2)
@: studying 2 skills, very quick
A: very small, no large weapons, unfitting armour, see invisible, speed 3,
hooves 1, agile 2, clarity, high MP 2, strong-willed 1, electricity resistance,
strong 1, gelatinous body 3, pseudopods 1, translucent skin 3, persistent drain
0: Orb of Zot
}: 5/15 runes: decaying, slimy, silver, abyssal, gossamer
a: Renounce Religion, Oozemancy, Slimify


You escaped.
You worshipped Jiyva.
Jiyva was exalted by your worship.
You visited 12 branches of the dungeon, and saw 56 of its levels.
You visited the Abyss 1 time.
You visited 1 bazaar.
You also visited: Sewer, Ossuary and Ice Cave.

You collected 6494 gold pieces.
You spent 1936 gold pieces at shops.
You donated 41 gold pieces to Zin.

Inventory:

Hand Weapons
 a - a +7 heavy hand cannon (weapon)
 b - a +2 quick blade of electrocution
 U - a +2 eudemon blade of holy wrath
Missiles
 w - 4 throwing nets
 C - 5 curare-tipped darts
Armour
 p - +0 ice dragon scales
 D - a +2 robe of cold resistance
 E - a +2 cloak (worn)
 F - the +3 warlock's mirror (worn) {omnireflect}
   (You acquired it on level 7 of the Dungeon)

   Omnireflect: It can block and reflect piercing ranged attacks and magical
   attacks against the wielder's willpower.
 H - a +2 hat of willpower (worn)
 J - quicksilver dragon scales (worn)
 K - +5 steam dragon scales
 L - +0 fire dragon scales
 T - the orb of Noiku {guile, Dex+3 SInv Tloc}
   (You found it on level 1 of the Depths)

   Dex+3:     It affects your dexterity (+3).
   SInv:      It lets you see invisible.
   Tloc:      It increases the power of your Translocations spells.
Jewellery
 h - a ring of protection from cold
 s - a ring of flight
 v - a ring of protection from cold
 z - the ring of Feuqol (right hand) {Wiz rElec rF+ rN+ Dex-4}
   (You took it off a deep elf annihilator on level 3 of the Elven Halls)

   [ring of wizardry]

   Wiz:       It improves your spell success rate.
   Dex-4:     It affects your dexterity (-4).
   rF+:       It protects you from fire.
   rElec:     It insulates you from electricity.
   rN+:       It protects you from negative energy.
 A - the amulet "Lann" (around neck) {Faith *Corrode rPois rF+++ rC+}
   (You found it on level 5 of the Lair of Beasts)

   [amulet of faith]

   Faith:     It allows you to gain divine favour quickly.
   rF+++:     It renders you almost immune to fire.
   rC+:       It protects you from cold.
   rPois:     It protects you from poison *Corrode: It may corrode you when you
   take damage.
 N - the ring "Olioru" {Wiz rPois Int+2}
   (You found it on level 5 of the Pits of Slime)

   [ring of wizardry]

   Wiz:       It improves your spell success rate.
   Int+2:     It affects your intelligence (+2).
   rPois:     It protects you from poison
 W - the ring "Nepnia" (left hand) {Wiz rN+ rCorr}
   (You found it on level 5 of the Pits of Slime)

   [ring of wizardry]

   Wiz:       It improves your spell success rate.
   rN+:       It protects you from negative energy.
   rCorr:     It protects you from acid and corrosion.
 Z - the ring of Dimefecy {Wiz rPois Str+2 Dex+3 Stlth-}
   (You took it off a deep elf archer on level 3 of the Elven Halls)

   [ring of wizardry]

   Wiz:       It improves your spell success rate.
   Str+2:     It affects your strength (+2).
   Dex+3:     It affects your dexterity (+3).
   rPois:     It protects you from poison Stlth-: It makes you less stealthy.
Wands
 i - a wand of digging (5)
 r - a wand of acid (8)
Scrolls
 g - 5 scrolls of vulnerability
 l - 4 scrolls of fog
 o - 20 scrolls of teleportation
 q - 4 scrolls of amnesia
 u - 2 scrolls of enchant armour
 y - 2 scrolls of butterflies
 G - 3 scrolls of silence
 P - 6 scrolls of revelation
 R - a scroll of immolation
 S - 8 scrolls of blinking
 V - 6 scrolls of brand weapon
Potions
 d - 7 potions of attraction
 e - 8 potions of mutation
 f - 4 potions of brilliance
 j - 4 potions of berserk rage
 k - 3 potions of heal wounds
 m - 9 potions of ambrosia
 n - 14 potions of curing
 t - 5 potions of magic
 x - 8 potions of enlightenment
 B - 7 potions of might
 I - 8 potions of resistance
 O - 6 potions of lignification
 Q - 5 potions of invisibility
 Y - 4 potions of haste
Miscellaneous
 c - a condenser vane
 M - a phial of floods
 X - a phantom mirror


   Skills:
 + Level 14.6 Fighting
 + Level 11.3 Long Blades
 + Level 21.5 Ranged Weapons
 - Level 6.0 Throwing
 + Level 9.3 Armour
 + Level 21.5 Dodging
 - Level 10.0 Stealth
 - Level 9.8 Shields
 + Level 17.6 Spellcasting
 * Level 21.4 Hexes
 + Level 17.6 Translocations
 - Level 6.2 Earth Magic
 - Level 15.8 Alchemy
 - Level 4.9 Invocations
 + Level 19.0 Evocations


You had 20 spell levels left.
You knew the following spells:

 Your Spells              Type           Power      Damage    Failure   Level
a - Apportation           Tloc           100%       N/A       0%          1
b - Passwall              Erth           34%        N/A       1%          3
c - Sigil of Binding      Hex            70%        N/A       0%          3
d - Dimensional Bullseye  Hex/Tloc       33%        N/A       1%          4
e - Yara's Violent Unrav  Hex/Alch       32%        3d13      1%          5
f - Eringya's Noxious Bo  Alch           30%        4d6       1%          6
g - Enfeeble              Hex            35%        N/A       1%          7
h - Discord               Hex            35%        N/A       3%          8
i - Passage of Golubria   Tloc           63%        N/A       1%          4

Your spell library contained the following spells:

 Spells                   Type           Power      Damage    Failure   Level
 Slow                     Hex            100%       N/A       0%          1
 Jinxbite                 Hex            100%       N/A       0%          2
 Confusing Touch          Hex            70%        N/A       0%          3
 Tukima's Dance           Hex            70%        N/A       0%          3
 Cause Fear               Hex            35%        N/A       0%          4
 Sandblast                Erth           68%        2d15      1%          1
 Sting                    Conj/Alch      100%       1d9       1%          1
 Mercury Vapours          Alch/Air       78%        N/A       1%          2
 Momentum Strike          Conj/Tloc      84%        3d10      1%          2
 Gell's Gravitas          Tloc           63%        N/A       1%          3
 Mephitic Cloud           Conj/Alch/Air  31%        N/A       1%          3
 Volatile Blastmotes      Fire/Tloc      84%        2d17      1%          3
 Fulminant Prism          Conj/Alch      19%        3d10      1%          4
 Iskenderun's Mystic Bla  Conj/Tloc      42%        2d10      1%          4
 Leda's Liquefaction      Alch/Erth      24%        N/A       1%          4
 Olgreb's Toxic Radiance  Alch           60%        N/A       1%          4
 Petrify                  Alch/Erth      49%        N/A       1%          4
 Foxfire                  Conj/Fire      56%        2x1d6     3%          1
 Freeze                   Ice            56%        1d7       3%          1
 Magic Dart               Conj           56%        1d5       3%          1
 Necrotise                Necr           56%        1d6       3%          1
 Summon Small Mammal      Summ           56%        N/A       3%          1
 Stone Arrow              Conj/Erth      48%        3d10      3%          3
 Call Imp                 Summ           28%        N/A       5%          2
 Searing Ray              Conj           28%        2d5       5%          2
 Static Discharge         Conj/Air       28%        3-5/arc   5%          2
 Sublimation of Blood     Necr           14%        N/A       5%          2
 Lee's Rapid Deconstruct  Erth           17%        3d10*     8%          5
 Animate Armour           Summ/Erth      48%        N/A       10%         4
 Brom's Barrelling Bould  Conj/Erth      24%        2d5       10%         4
 Frozen Ramparts          Ice            28%        1d5       11%         3
 Fugue of the Fallen      Necr           14%        N/A       11%         3
 Hailstorm                Conj/Ice       14%        3d6       11%         3
 Ozocubu's Armour         Ice            14%        N/A       11%         3
 Summon Ice Beast         Ice/Summ       14%        N/A       11%         3
 Vampiric Draining        Necr           14%        2d7       11%         3
 Sculpt Simulacrum        Ice/Alch       19%        N/A       19%         6
 Borgnjor's Vile Clutch   Necr/Erth      12%        N/A       24%         5
 Airstrike                Air            7%         2d(1-17)  32%         4
 Animate Dead             Necr           14%        N/A       32%         4
 Summon Lightning Spire   Summ/Air       14%        N/A       32%         4
 Fireball                 Conj/Fire      7%         3d5       63%         5
 Freezing Cloud           Conj/Ice/Air   7%         6-21      63%         5
 Iskenderun's Battlesphe  Conj           14%        2d7       63%         5
 Bombard                  Conj/Erth      12%        9d3       77%         6
 Plasma Beam              Fire/Air       7%         2x1d17    99%         6
 Starburst                Conj/Fire      7%         6d4       99%         6
 Spellforged Servitor     Conj/Summ      7%         N/A       100%        7
 Summon Hydra             Summ           7%         N/A       100%        7
 Borgnjor's Revivificati  Necr           7%         N/A       100%        8
 Infestation              Necr           7%         N/A       100%        8
 Lehudib's Crystal Spear  Conj/Erth      12%        10d4      100%        8
 Maxwell's Capacitive Co  Air            7%         ∞         100%        8
 Summon Horrible Things   Summ           7%         N/A       100%        8
 Chain Lightning          Conj/Air       7%         3d9       100%        9
 Death's Door             Necr           7%         N/A       100%        9
 Dragon's Call            Summ           7%         N/A       100%        9
 Fire Storm               Conj/Fire      7%         8d2       100%        9
 Shatter                  Erth           17%        3d16*     100%        9


Dungeon Overview and Level Annotations

Branches:
Dungeon (15/15)            Temple (1/1) D:7            Lair (5/5) D:10
  Swamp (4/4) Lair:3       Spider (4/4) Lair:3        Slime (5/5) Lair:4
    Orc (2/2) D:10            Elf (3/3) Orc:2        Vaults (5/5) D:14
  Crypt (3/3) Vaults:2       Tomb (0/3) Crypt:3      Depths (4/4) D:15
    Zot (5/5) Depths:4      Sewer (visited)         Ossuary (visited)
  IceCv (visited)

Altars:
Ashenzari
Cheibriados
Dithmenos
Elyvilon
Fedhas
Gozag
Hepliaklqana
Kikubaaqudgha
Makhleb
Nemelex Xobeh
Okawaru
Qazlal
Ru
Sif Muna
Trog
Uskayaw
Vehumet
Wu Jian
Xom
Yredelemnul
Zin
The Shining One
Jiyva

Shops:
Orc:1 [   Orc:2 **!=   Elf:1 =:=   Elf:3 ([**

Portals:
Hell: Depths:1 Depths:2 Depths:3 Depths:4
Abyss: Depths:1 Depths:3
Pandemonium: Depths:2 Depths:4
Ziggurat: Depths:3
Trove: D:11 (give 8 scrolls of fog)

Annotations:
D:8 4 runed translucent doors
Lair:5 exclusion: obsidian statue
Slime:5 Royal Jelly


Innate Abilities, Weirdness & Mutations

You are very small and have problems with some larger weapons.
You are too small for most types of armour.
You have supernaturally acute eyesight. (SInv)
You cover ground extremely quickly. (Speed+++)
You have large cloven feet.
You are very agile. (Dex +8, Str/Int -2)
You possess an exceptional clarity of mind.
You have a considerably increased reservoir of magic. (+20% MP)
You are strong-willed. (Will+)
You are resistant to electric shocks. (rElec)
Your muscles are strong. (Str +4, Int/Dex -1)
Your gelatinous body deflects attacks. (AC +3, EV +3)
Armour fits poorly on your pseudopods.
Your transparent skin significantly reduces your foes' accuracy. (Stealth+)
Your health recovers twice as slowly from being drained.


Message History

There is a stone staircase leading down here.
There is a stone staircase leading up here.
You climb upwards.
There is a stone staircase leading down here.
There is an open door here.
There is a stone staircase leading down here.
There is a stone staircase leading up here.
You climb upwards.
There is a stone staircase leading down here.
A hellion comes into view.
Casting: Passwall (safe; 1% risk of failure)
Confirm with . or Enter, or press ? or * to list all spells.
Aiming: Enfeeble (mildly dangerous; 1% risk of failure)
Press: ? - help, Shift-Dir - straight line, f - hellion
Aim: a hellion (will inflict weakness and antimagic, chance to daze and blind: 87%)
The hellion partially resists.
The hellion is enfeebled!
You shoot a bolt. The bolt hits the hellion!!!
You kill the hellion!
No target in view!
No target in view!
A hellephant comes into view.
A hell hound comes into view. x2
There is a stone staircase leading up here.
The hell hound barks! x2; You hear a bark!
You climb upwards.
There is a stone staircase leading down here.
There is a stone staircase leading up here.
You climb upwards.
There is a stone staircase leading down here.
Casting: Enfeeble (mildly dangerous; 1% risk of failure)
Confirm with . or Enter, or press ? or * to list all spells.
Aiming: Passwall (safe; 1% risk of failure)
Press: ? - help, Dir - move target A rock wall.
This square is covered in magical glow.
You begin to meditate on the wall.
You continue meditating on the rock. x2
Magic restored.
You finish merging with the rock.
There is a staircase leading out of the dungeon here.
You have escaped!

.##............# #.....# #.#
.#.>...........# #.###.# #.#
##.............# #.# #.####
#.# ##....###......# #.#
#.##.# ###..
#......#......###.#
#.##.###...#
####.###..........#
#..........# #.#
#.############....###.### ###
#.# #.# #.............#....
..# #.# #.#
#.@........♣♣.##### ..#
#.###.# #.............# # ..#
#....># ####.>.######## ###
####### #...#.##########
#.....# #####...........
#.....############.#########.
#.....#............#.......#.
#..>..#............#.#...#...
#
#..................#.........


There were no monsters in sight!

Vanquished Creatures
  5 dread liches
  Khufu (Crypt:3)
  5 ancient liches
  8 orbs of fire
  Mennas (Vaults:4)
  Sojobo (Vaults:4)
  2 juggernauts
  Vv (Zot:1)
  3 Killer Klowns (Zot:5)
  the Lernaean hydra (Swamp:4)
  A caustic shrike (Depths:2)
  7 golden dragons
  Norris (Elf:3)
  A profane servitor (Crypt:3)
  2 bone dragons
  2 doom hounds (Zot:4)
  3 electric golems
  12 tentacled monstrosities
  Zenata (Vaults:4)
  Rupert (D:15)
  7 liches
  2 hellephants (Abyss:2)
  A walking earthen tome (Depths:2)
  4 deep elf blademasters
  21 Orb Guardians
  A deep elf master archer (Elf:3)
  A walking frostbound tome (Depths:2)
  A titan (Vaults:3)
  5 quicksilver dragons
  3 ancient champions
  Grunn (Zot:4)
  3 sphinxes
  7 tentacled starspawn
  Gastronok (Lair:2)
  8 death cobs
  5 tengu reavers
  Kirke (Elf:1)
  10 storm dragons
  3 shadow dragons
  A revenant (Crypt:3)
  3 nagarajas (Depths:4)
  Roxanne (Elf:1)
  3 protean progenitors
  Donald (Crypt:1)
  9 fire giants
  A draconian knight (Zot:5)
  A fenstrider witch (Swamp:1)
  A draconian monk (Depths:3)
  4 draconian shifters
  9 deep elf sorcerers
  A draconian scorcher (Zot:4)
  14 vault wardens
  Louise (Swamp:3)
  6 ghost moths
  The ghost of DarkMedievalTimes the Grappler, a journeyman TrSh of Fedhas (Lair:5)
  2 iron dragons
  9 frost giants
  3 emperor scorpions (Spider:4)
  4 deep elf elementalists (Elf:3)
  An orc warlord (Orc:2)
  2 ghouls
  24 stone giants
  A curse skull (Crypt:1)
  18 ironbound preservers
  An angel (Abyss:3)
  9 very ugly things
  A caustic shrike skeleton (Abyss:3)
  3 deep elf demonologists
  4 ironbound thunderhulks
  9 vampire knights
  2 green draconians
  A juggernaut skeleton (Crypt:2)
  2 lorocyprocas (Abyss:3)
  6 black draconians
  2 eleionomae
  13 dire elephants
  6 broodmothers (Spider:4)
  3 bunyips
  5 deep elf death magi
  8 spark wasps
  9 deep elf annihilators
  3 purple draconians
  2 red draconians
  3 white draconians
  2 eidola
  15 ettins
  12 fire dragons
  A blizzard demon (Depths:2)
  2 mummy priests (Crypt:3)
  3 entropy weavers
  Josephine (Orc:1)
  An entropy weaver (shapeshifter) (D:15)
  3 deep elf high priests (Elf:3)
  3 jiangshi
  2 shambling mangroves (Swamp:2)
  6 yaktaur captains
  Fannar (Orc:1)
  5 rakshasas
  19 hydras
  2 ice dragons
  A caustic shrike simulacrum (Crypt:3)
  A hell beast (Depths:4)
  A peacekeeper (Vaults:1)
  A spriggan air mage (Depths:2)
  10 alligators
  2 ogre magi
  12 vault guards
  2 catoblepae
  A ghost crab (Swamp:2)
  3 deep troll shamans
  Erica (D:8)
  2 radroaches
  4 jorogumos
  2 death knights (Crypt:3)
  33 dancing weapons
  8 ironbound frosthearts
  10 two-headed ogres
  20 centaur warriors
  A sphinx skeleton (D:15)
  6 tengu warriors
  5 boulder beetles
  9 demonic crawlers
  3 vampire magi
  9 thrashing horrors
  4 deep troll earth magi
  3 occultists
  5 spriggan berserkers
  8 death yaks
  Urug (Orc:1)
  5 orc high priests
  A sun demon (Depths:1)
  Nergalle (D:11)
  2 hell knights (Depths:2)
  A soul eater (Depths:1)
  17 deep elf knights
  5 shadow wraiths
  6 wretched stars (Abyss:2)
  4 iron trolls
  6 pharaoh ants
  21 skeletal warriors
  3 spectral death yaks (Lair:5)
  A spectral anaconda (Lair:5)
  Lodul (D:11)
  7 skysharks
  55 deep trolls
  9 swamp dragons
  2 bog bodies
  9 spriggan druids
  8 flayed ghosts
  A sun moth (Spider:4)
  A spark wasp zombie (D:15)
  4 orb spiders
  7 phantasmal warriors
  2 orange crystal statues (IceCv)
  18 ironbound convokers
  Pikel (D:4)
  11 arcanists
  11 deep elf archers
  35 deep elf pyromancers
  3 lindwurms (Vaults:1)
  6 steelbarb worms
  7 harpies
  9 orc knights
  A tengu skeleton (Vaults:2)
  32 ugly things
  23 deep elf zephyrmancers
  2 draconians (Abyss:3)
  3 cyclopes
  9 necromancers
  9 orc sorcerers
  23 wolf spiders
  A stone giant zombie (Vaults:2)
  An oklob plant (Lair:5)
  3 will-o-the-wisps
  11 manticores
  A faun (shapeshifter) (Vaults:5)
  A salamander (Depths:1)
  9 kobold blastminers
  10 elephants
  19 moths of wrath
  7 smoke demons
  3 black mambas
  17 vault sentinels
  16 meliai
  31 starcursed masses
  A molten gargoyle (Depths:1)
  An orange demon (Abyss:2)
  14 cane toads
  10 torpor snails
  7 gargoyles
  Maggie (D:7)
  A kobold demonologist (D:11)
  2 hellions
  14 large abominations
  3 unseen horrors
  A pale draconian zombie (Crypt:1)
  A komodo dragon (shapeshifter) (Depths:3)
  17 yaktaurs
  5 rime drakes
  2 tormentors
  Jeremiah (D:8)
  A dire elephant skeleton (Lair:5)
  8 komodo dragons
  A death yak skeleton (Crypt:2)
  An efreet (Abyss:2)
  A yaktaur skeleton (Vaults:2)
  6 ancient zymes
  4 freezing wraiths
  6 trolls
  3 hellwings (Abyss:2)
  8 tyrant leeches
  A silent spectre (Vaults:3)
  20 tarantellas
  A hydra zombie (Abyss:2)
  17 hornets
  A death drake zombie (Crypt:1)
  2 sun moth zombies
  7 dream sheep (Lair:5)
  3 raiju
  Prince Ribbit (D:8)
  An ettin zombie (Crypt:2)
  11 blink frogs
  4 water elementals
  A ynoxinul (Abyss:2)
  22 jumping spiders
  A centaur simulacrum (Abyss:2)
  20 culicivoras
  4 air elementals
  An ice dragon skeleton (Crypt:2)
  3 shadows
  14 spriggans
  3 fire elementals
  10 small abominations
  5 hogs (Elf:1)
  44 yaks
  13 wraiths
  5 neqoxecs
  6 wyverns
  6 basilisks
  2 wargs (D:15)
  34 redbacks
  A steam dragon (D:7)
  3 chaos spawn
  13 vampire mosquitoes
  13 swamp worms
  A swamp worm (shapeshifter) (Vaults:5)
  A great orb of eyes simulacrum (IceCv)
  An acid dragon (shapeshifter) (Elf:3)
  11 water moccasins
  A human simulacrum (Vaults:2)
  A hell hound (Depths:3)
  16 orc warriors
  A black bear (shapeshifter) (Elf:2)
  A sky beast (Abyss:2)
  An ice beast (D:7)
  6 swamp drakes (Swamp:4)
  2 black bears
  19 laughing skulls
  2 boggarts (Vaults:1)
  22 ogres
  2 manticore zombies (Crypt:1)
  An elephant skeleton (Lair:5)
  13 centaurs
  An elephant zombie (Lair:5)
  6 wolves (Lair:5)
  3 slime creature simulacra (IceCv)
  8 kobold brigands
  2 salamander zombies
  2 elf zombies (Ossuary)
  A weeping skull (Abyss:2)
  Blork the orc (D:4)
  3 brain worms
  4 earth elementals
  16 bullfrogs
  4 necrophages (Crypt:3)
  2 gnoll sergeants
  2 scorpions (D:4)
  A glowing shapeshifter simulacrum (IceCv)
  9 wights
  A hornet simulacrum (D:15)
  3 jellies
  A cyclops skeleton (Crypt:1)
  12 killer bees
  2 burial acolytes (Crypt:3)
  A raiju zombie (Crypt:1)
  3 elephant simulacra (Lair:5)
  An electric eel (D:9)
  4 howler monkeys
  6 crimson imps (D:9)
  A quasit (Abyss:2)
  2 centaur zombies
  5 hounds
  3 human zombies (Ossuary)
  A sleepcap (D:8)
  14 orc priests
  3 iguanas
  3 iron imps
  Natasha (thrice) (D:4)
  7 hell rats (Lair:2)
  Ijyb (D:5)
  27 orc wizards
  5 hound zombies (Ossuary)
  3 mummies
  34 gnolls
  13 adders
  A river rat (Sewer)
  A shadow imp (D:6)
  7 white imps
  3 ufetubi
  An adder skeleton (Crypt:2)
  3 adder zombies (Ossuary)
  4 dart slugs
  5 ribbon worms
  87 orcs
  9 ball pythons
  3 endoplasms
  3 giant cockroaches
  7 gnoll zombies (Ossuary)
  6 goblins
  9 hobgoblins
  22 jackals
  8 quokkas
  A ball python zombie (D:3)
  2 bats
  7 frilled lizards
  A gnoll skeleton (Crypt:2)
  A goblin zombie (D:7)
  7 jackal zombies (Ossuary)
  11 kobolds
  5 kobold zombies (Ossuary)
  3 orc zombies
  9 rats
  11 butterflies (Vaults:4)
  5 starspawn tentacles (Abyss:2)
2096 creatures vanquished.

Vanquished Creatures (collateral kills)
  A juggernaut (Depths:3)
  Bai Suzhen (Spider:3)
  Jory (Vaults:5)
  An electric golem (Zot:5)
  3 tentacled monstrosities
  An Orb Guardian (Zot:5)
  A walking earthen tome (Depths:3)
  2 sphinxes
  A death cob (Zot:5)
  A tengu reaver (Vaults:5)
  A shadow dragon (Zot:4)
  3 fire giants (Depths:2)
  2 emperor scorpions (Spider:4)
  A frost giant (Vaults:5)
  A deep elf sorcerer (Vaults:5)
  4 vault wardens
  2 draconian shifters
  A draconian stormcaller (Abyss:3)
  A cacodemon (Abyss:3)
  A ghoul (Crypt:2)
  A draconian annihilator (Zot:2)
  4 ironbound preservers
  15 very ugly things
  4 stone giants
  A black draconian (Zot:1)
  2 broodmothers (Spider:4)
  A vampire knight (Crypt:3)
  3 green draconians
  A deep elf annihilator (Vaults:3)
  A yellow draconian (Depths:4)
  A war gargoyle (Vaults:5)
  A deep elf demonologist (Depths:1)
  A deep elf death mage (Elf:3)
  A red draconian (Depths:4)
  A white draconian (Zot:5)
  A spark wasp (Depths:3)
  2 purple draconians
  2 ettins
  3 jiangshi (Crypt:3)
  2 fire dragons
  22 vault guards (Vaults:5)
  4 rakshasas (Depths:2)
  A great orb of eyes (Abyss:3)
  A hydra (Depths:3)
  2 yaktaur captains (Vaults:5)
  An ogre mage (D:11)
  An ironbound frostheart (Vaults:5)
  A centaur warrior (D:13)
  2 dancing weapons
  7 deep troll shamans
  4 hell hogs
  2 two-headed ogres
  2 death yaks (Lair:5)
  A spriggan berserker (Depths:1)
  A tengu warrior (Depths:2)
  2 occultists (Depths:1)
  4 spriggans
  3 deep troll earth magi
  A soul eater (Depths:1)
  A sun demon (Depths:1)
  8 hell knights
  2 skeletal warriors (Crypt:3)
  A deep elf knight (Elf:1)
  A pharaoh ant (Spider:4)
  A shadow wraith (Crypt:3)
  A salamander mystic (Depths:1)
  2 skysharks
  7 deep trolls
  4 iron trolls
  A glowing orange brain (Depths:2)
  A bog body (Crypt:2)
  2 deep elf archers (Elf:1)
  4 orb spiders
  An arcanist (Vaults:3)
  2 ironbound convokers (Vaults:5)
  A steelbarb worm (Spider:4)
  A necromancer (Vaults:5)
  3 deep elf zephyrmancers
  2 deep elf pyromancers (Elf:1)
  A wolf spider (Spider:4)
  7 ugly things
  2 draconians (Abyss:3)
  A faun (shapeshifter) (Vaults:5)
  An orc sorcerer (Abyss:3)
  A meliai (Spider:4)
  3 moths of wrath
  A salamander (Depths:1)
  2 manticores (Depths:3)
  A black mamba (Lair:5)
  A cane toad (Lair:5)
  A vault sentinel (Vaults:5)
  A smoke demon (Depths:1)
  2 torpor snails (Zot:4)
  7 yaktaurs (Vaults:5)
  A hellion (Depths:1)
  3 rime drakes
  A freezing wraith (Crypt:3)
  5 guardian mummies (Crypt:3)
  A tengu conjurer (Depths:2)
  2 hellwings (Abyss:2)
  5 hornets
  A tarantella (Spider:4)
  A dream sheep (Lair:5)
  3 raiju
  An ice dragon zombie (Abyss:2)
  2 jumping spiders (Spider:4)
  2 centaur simulacra (Crypt:3)
  2 wraiths (Crypt:3)
  3 culicivoras
  A golden eye (Abyss:3)
  A basilisk (Depths:3)
  3 yaks
  3 redbacks (Spider:4)
  A spectral cane toad (Lair:5)
  A small abomination (Abyss:3)
  3 hell hounds
  A water moccasin (Lair:2)
  A boggart (Vaults:3)
  6 laughing skulls (Crypt:3)
  2 centaurs (D:13)
  A burial acolyte (Crypt:3)
  2 jellies (Zot:1)
  3 starcursed masses (Abyss:2)
  An orc wizard (Orc:1)
  2 orcs
  An aspiring flesh (Zot:4)
284 creatures vanquished.

Vanquished Creatures (others)
  A tentacled monstrosity (Vaults:5)
  Asterion (Spider:1)
  A shadow dragon (Vaults:5)
  2 storm dragons (Vaults:5)
  2 draconian knights
  4 vault wardens
  A deep elf sorcerer (Vaults:5)
  A frost giant (Depths:2)
  2 stone giants
  A draconian annihilator (Zot:5)
  2 ghouls (Crypt:2)
  A formless jellyfish (Vaults:4)
  2 green draconians
  2 black draconians (Zot:2)
  A spark wasp (Depths:3)
  A white draconian (Zot:1)
  An ettin (Depths:4)
  A jiangshi (Crypt:3)
  A yaktaur captain (Vaults:4)
  4 vault guards (Vaults:5)
  7 great orbs of eyes
  A deep troll earth mage (Depths:2)
  A spriggan berserker (Depths:1)
  4 hell knights
  5 glowing orange brains
  A skyshark (Abyss:2)
  A large abomination (Abyss:2)
  3 deep trolls
  An arcanist (D:15)
  An ironbound convoker (Vaults:3)
  A shock serpent (shapeshifter) (Abyss:2)
  An orange crystal statue (IceCv)
  An orb spider (shapeshifter) (Vaults:5)
  3 wolf spiders (Spider:1)
  A deep elf pyromancer (D:12)
  A deep elf zephyrmancer (Elf:1)
  A manticore (Depths:3)
  2 moths of wrath
  2 worldbinders (Abyss:2)
  A torpor snail (shapeshifter) (Abyss:2)
  2 vault sentinels
  A torpor snail (Spider:3)
  A water nymph (shapeshifter) (Abyss:2)
  An apocalypse crab (Abyss:3)
  A water nymph (Vaults:4)
  A smoke demon (Depths:1)
  2 kobold demonologists (D:12)
  2 yaktaurs (Vaults:5)
  A tengu conjurer (D:15)
  An ancient zyme (Abyss:2)
  2 guardian mummies (Crypt:3)
  A glass eye (Depths:2)
  A tengu simulacrum (Vaults:2)
  28 slime creatures
  A ynoxinul (Abyss:2)
  2 culicivoras
  A wyvern (Lair:4)
  A water elemental (Elf:1)
  4 yaks (D:10)
  A golden eye (Abyss:3)
  A vampire mosquito (D:12)
  4 great orb of eyes simulacra (IceCv)
  An orc warrior (D:10)
  4 centaurs
  3 boggarts (Vaults:1)
  2 kobold brigands (D:12)
  5 slime creature simulacra (IceCv)
  3 bullfrogs
  3 glowing shapeshifter simulacra (IceCv)
  A burial acolyte (Crypt:3)
  2 killer bees (D:9)
  A crimson imp (D:9)
  180 jellies
  5 orc priests (Orc:2)
  An orc wizard (D:10)
  A gnoll (D:9)
  An ufetubus (Abyss:2)
  2 orcs
  2 kobolds (D:12)
  10 foxfires (Swamp:4)
  A lurking horror (Abyss:2)
  14 starspawn tentacles
373 creatures vanquished.

Grand Total: 2753 creatures vanquished

Notes
Turn   | Place    | Note
-------+----------+-------------------------------------------
     0 | D:1      | lilalause the Spriggan Hunter began the quest for the Orb.
     0 | D:1      | Reached XP level 1. HP: 10/10 MP: 2/2
   188 | D:1      | Reached XP level 2. HP: 15/15 MP: 3/3
   810 | D:2      | Reached XP level 3. HP: 18/18 MP: 4/4
   916 | D:2      | Reached XP level 4. HP: 22/23 MP: 5/5
  1904 | D:3      | Found a bloodstained altar of Trog.
  1926 | D:3      | Reached XP level 5. HP: 27/27 MP: 6/6
  2409 | D:3      | Found a basalt altar of Yredelemnul.
  2673 | D:4      | Noticed Blork the orc
  2730 | D:4      | Noticed Pikel
  2730 | D:4      | Noticed a lemure
  2730 | D:4      | Noticed a lemure
  2730 | D:4      | Noticed a lemure
  2730 | D:4      | Noticed a lemure
  2832 | D:4      | Noticed Natasha
  2836 | D:4      | Killed Natasha
  2837 | D:4      | Reached skill level 5 in Ranged Weapons
  2845 | D:4      | Found a burning altar of Makhleb.
  2850 | D:4      | Found a glowing silver altar of Zin.
  2852 | D:4      | Noticed a cacodemon
  2852 | D:4      | Noticed an angel
  2858 | D:4      | Became a worshipper of Zin the Law-Giver
  3051 | D:4      | Reached XP level 6. HP: 29/32 MP: 7/7
  3125 | D:4      | Found a stormy altar of Qazlal.
  3161 | D:4      | Reached skill level 5 in Stealth
  3268 | D:4      | Killed Blork the orc
  3269 | D:4      | Reached skill level 5 in Dodging
  3269 | D:4      | Reached skill level 1 in Invocations
  3311 | D:4      | Killed Pikel
  3312 | D:4      | Reached XP level 7. HP: 37/37 MP: 7/9
  3350 | D:4      | Reached * piety under Zin
  3379 | D:4      | Noticed Natasha
  3386 | D:4      | Killed Natasha
  3529 | D:4      | Noticed Natasha
  3540 | D:4      | Killed Natasha
  3722 | D:4      | Reached XP level 8. HP: 39/42 MP: 11/11
  3932 | D:5      | Entered Level 5 of the Dungeon
  4222 | D:5      | Noticed Ijyb
  4234 | D:5      | Killed Ijyb
  4358 | D:5      | Learned a level 3 spell: Passwall
  4573 | D:5      | Reached skill level 1 in Earth Magic
  4677 | D:5      | Reached ** piety under Zin
  4725 | D:5      | Reached skill level 1 in Evocations
  5700 | D:6      | Found a glowing drain.
  5704 | Sewer    | Entered a sewer
  5984 | Sewer    | Reached XP level 9. HP: 41/46 MP: 12/12
  6023 | Sewer    | Reached skill level 1 in Throwing
  7164 | D:6      | Found a shadowy altar of Dithmenos.
  7374 | D:6      | Reached *** piety under Zin
  7629 | D:7      | Identified a scroll of acquirement
  7630 | D:7      | Acquired the +3 warlock's mirror {omnireflect}
  7630 | D:7      | Found the +3 warlock's mirror {omnireflect}
  7679 | D:7      | Reached skill level 5 in Fighting
  7679 | D:7      | Noticed Maggie
  7702 | D:7      | Killed Maggie
  7854 | D:7      | Found a sand-covered staircase.
  7856 | D:7      | Reached **** piety under Zin
  7860 | Ossuary  | Entered an ossuary
  8086 | Ossuary  | Reached XP level 10. HP: 51/51 MP: 14/14
  8376 | D:7      | Reached ***** piety under Zin
  8610 | D:7      | Found a staircase to the Ecumenical Temple.
  8615 | Temple   | Entered the Ecumenical Temple
  8619 | Temple   | Fell from the grace of Zin
  8619 | Temple   | Became a worshipper of Jiyva Jinyisk the Shapeless
  9088 | D:8      | Found a snail-covered altar of Cheibriados.
  9124 | D:8      | Noticed Jeremiah
  9190 | D:8      | Found a large runed translucent door.
  9190 | D:8      | Noticed a two-headed ogre
  9194 | D:8      | Noticed a centaur warrior
  9195 | D:8      | Found a large runed translucent door.
  9221 | D:8      | Killed a centaur warrior
  9222 | D:8      | Reached skill level 5 in Evocations
  9363 | D:8      | Reached * piety under Jiyva
  9535 | D:8      | Noticed Erica
  9549 | D:8      | Killed Erica
  9629 | D:8      | Noticed Prince Ribbit
  9658 | D:8      | Killed Prince Ribbit
  9661 | D:8      | Noticed a two-headed ogre
  9668 | D:8      | Found a large runed translucent door.
  9668 | D:8      | Found a large runed translucent door.
 10024 | D:8      | Identified the +0 ring mail "Nomaapol" {Dex+4}
 10091 | D:9      | Reached skill level 10 in Ranged Weapons
 10123 | D:9      | Found a sparkling altar of Nemelex Xobeh.
 10132 | D:9      | Found a white marble altar of Elyvilon.
 10260 | D:9      | Reached ** piety under Jiyva
 10379 | D:9      | Reached XP level 11. HP: 56/56 MP: 15/15
 10541 | D:9      | Noticed a two-headed ogre
 10558 | D:9      | Killed a two-headed ogre
 10675 | D:9      | Found a shimmering altar of Xom.
 10781 | D:10     | Entered Level 10 of the Dungeon
 10836 | D:10     | Noticed a two-headed ogre
 10836 | D:10     | Reached *** piety under Jiyva
 10840 | D:10     | Killed a two-headed ogre
 10864 | D:10     | Found an opulent altar of Gozag.
 10949 | D:10     | Found a staircase to the Lair.
 10969 | D:10     | Reached skill level 5 in Throwing
 11000 | D:10     | Found a staircase to the Orcish Mines.
 11014 | D:10     | Found a hazy altar of Hepliaklqana.
 11035 | D:10     | Gained mutation: Your skin changes colour to match your
                  | surroundings (Stealth+). [Jiyva's grace]
 11035 | D:10     | Gained mutation: Your skin blends seamlessly with your
                  | surroundings (Stealth++). [Jiyva's grace]
 11035 | D:10     | Gained mutation: Your skin perfectly mimics your
                  | surroundings (Stealth+++). [Jiyva's grace]
 11035 | D:10     | Gained mutation: Your system is resistant to poisons.
                  | (rPois) [Jiyva's grace]
 11237 | D:10     | Found a broken altar of Ashenzari.
 11328 | D:10     | Reached skill level 5 in Earth Magic
 11335 | D:11     | Noticed a boulder beetle
 11346 | D:11     | Killed a boulder beetle
 11387 | D:11     | Reached **** piety under Jiyva
 11414 | D:11     | Noticed Nergalle
 11416 | D:11     | Reached skill level 10 in Dodging
 11418 | D:11     | Noticed a two-headed ogre
 11420 | D:11     | Killed Nergalle
 11422 | D:11     | Killed a two-headed ogre
 11786 | D:11     | Found a portal to a secret trove of treasure.
 11911 | D:11     | Noticed a two-headed ogre
 11911 | D:11     | Noticed a two-headed ogre
 11912 | D:11     | Noticed a two-headed ogre
 11919 | D:11     | Killed a two-headed ogre
 11920 | D:11     | Reached XP level 12. HP: 54/62 MP: 16/16
 11925 | D:11     | Killed a two-headed ogre
 11926 | D:11     | Killed a two-headed ogre
 11932 | D:11     | Reached ***** piety under Jiyva
 11941 | D:11     | Noticed a two-headed ogre
 11947 | D:11     | Noticed an ogre mage
 11950 | D:11     | Noticed a two-headed ogre
 11951 | D:11     | Killed a two-headed ogre
 11951 | D:11     | Paralysed by the wrath of Zin for 4 turns
 11952 | D:11     | Noticed a two-headed ogre
 11953 | D:11     | Killed an ogre mage
 11957 | D:11     | Killed a two-headed ogre
 11963 | D:11     | Killed a two-headed ogre
 11980 | D:11     | Learned a level 1 spell: Apportation
 11986 | D:11     | Learned a level 5 spell: Yara's Violent Unravelling
 11991 | D:11     | Noticed Lodul
 11998 | D:11     | Killed Lodul
 11999 | D:11     | Reached skill level 1 in Translocations
 12001 | D:11     | Reached skill level 1 in Spellcasting
 12248 | D:12     | Found an iron altar of Okawaru.
 12418 | D:12     | Gained mutation: Your body has grown eyes which may confuse
                  | attackers. (Acc +3) [Jiyva's grace]
 12418 | D:12     | Gained mutation: Your body has grown many eyes which may
                  | confuse attackers. (Acc +5) [Jiyva's grace]
 12418 | D:12     | Gained mutation: Your body is covered in eyes which may
                  | confuse attackers. (Acc +7, SInv) [Jiyva's grace]
 12418 | D:12     | Gained mutation: You have a small jelly attached to you
                  | that may absorb projectiles. [Jiyva's grace]
 12588 | D:12     | Lost mutation: Your body is covered in eyes which may
                  | confuse attackers. (Acc +7, SInv) [the wrath of Zin]
 12588 | D:12     | Lost mutation: Your skin perfectly mimics your surroundings
                  | (Stealth+++). [the wrath of Zin]
 12588 | D:12     | Lost mutation: Your system is resistant to poisons. (rPois)
                  | [the wrath of Zin]
 12588 | D:12     | Lost mutation: Your skin blends seamlessly with your
                  | surroundings (Stealth++). [the wrath of Zin]
 12588 | D:12     | Lost mutation: Your skin changes colour to match your
                  | surroundings (Stealth+). [the wrath of Zin]
 12588 | D:12     | Lost mutation: You have a small jelly attached to you that
                  | may absorb projectiles. [the wrath of Zin]
 12588 | D:12     | Lost mutation: Your body has grown many eyes which may
                  | confuse attackers. (Acc +5) [the wrath of Zin]
 12820 | Lair:1   | Entered Level 1 of the Lair of Beasts
 12866 | Lair:1   | Reached skill level 1 in Hexes
 13009 | Lair:1   | Reached skill level 1 in Alchemy
 13253 | Lair:1   | Reached XP level 13. HP: 68/68 MP: 18/18
 13417 | Lair:1   | Reached skill level 5 in Translocations
 13630 | Lair:1   | Lost mutation: Your body has grown eyes which may confuse
                  | attackers. (Acc +3) [the wrath of Zin]
 13801 | Lair:2   | Reached ****** piety under Jiyva
 13834 | Lair:2   | Gained mutation: You are partially covered in large bone
                  | plates. (SH +4) [Jiyva's grace]
 13834 | Lair:2   | Gained mutation: You are mostly covered in large bone
                  | plates. (SH +6) [Jiyva's grace]
 13834 | Lair:2   | Gained mutation: You are completely covered in large bone
                  | plates. (SH +8) [Jiyva's grace]
 13834 | Lair:2   | Gained mutation: You are agile. (Dex +4, Str/Int -1)
                  | [Jiyva's grace]
 13968 | Lair:2   | Noticed Gastronok
 13984 | Lair:2   | Killed Gastronok
 14002 | Lair:2   | Identified the +6 hand axe "Owkac" {freeze, rC+ Dex+3}
 14086 | Lair:2   | Paralysed by the wrath of Zin for 2 turns
 14506 | Lair:3   | Found a hole to the Spider Nest.
 14581 | Lair:3   | Lost mutation: You are agile. (Dex +4, Str/Int -1) [the
                  | wrath of Zin]
 14581 | Lair:3   | Lost mutation: You are completely covered in large bone
                  | plates. (SH +8) [the wrath of Zin]
 14581 | Lair:3   | Lost mutation: You are mostly covered in large bone plates.
                  | (SH +6) [the wrath of Zin]
 14581 | Lair:3   | Lost mutation: You are partially covered in large bone
                  | plates. (SH +4) [the wrath of Zin]
 14621 | Lair:3   | Reached skill level 5 in Hexes
 14903 | Lair:3   | Reached skill level 5 in Alchemy
 14930 | Lair:3   | Found a staircase to the Swamp.
 15097 | Lair:3   | Gained mutation: You are robust. (+10% HP) [Jiyva's grace]
 15097 | Lair:3   | Gained mutation: You are very robust. (+20% HP) [Jiyva's
                  | grace]
 15097 | Lair:3   | Gained mutation: You are extremely robust. (+30% HP)
                  | [Jiyva's grace]
 15097 | Lair:3   | Gained mutation: You are somewhat resistant to further
                  | mutation. [Jiyva's grace]
 15483 | Lair:4   | Reached skill level 5 in Spellcasting
 15484 | Lair:4   | Found a viscous altar of Jiyva.
 15485 | Lair:4   | Found a staircase to the Slime Pits.
 15525 | Lair:4   | Lost mutation: You are extremely robust. (+30% HP) [the
                  | wrath of Zin]
 15525 | Lair:4   | Lost mutation: You are somewhat resistant to further
                  | mutation. [the wrath of Zin]
 15525 | Lair:4   | Lost mutation: You are very robust. (+20% HP) [the wrath of
                  | Zin]
 15525 | Lair:4   | Lost mutation: You are robust. (+10% HP) [the wrath of Zin]
 15723 | Lair:4   | Reached XP level 14. HP: 74/74 MP: 22/22
 16162 | Slime:1  | Entered Level 1 of the Pits of Slime
 16162 | Slime:1  | Noticed a formless jellyfish
 16162 | Slime:1  | Noticed a formless jellyfish
 16166 | Slime:1  | Noticed a rockslime
 16181 | Slime:1  | Noticed a quicksilver ooze
 16181 | Slime:1  | Noticed a quicksilver ooze
 16185 | Slime:1  | Noticed an acid blob
 16189 | Slime:2  | Noticed an azure jelly
 16200 | Slime:3  | Noticed an acid blob
 16205 | Slime:4  | Noticed a rockslime
 16205 | Slime:4  | Noticed an acid blob
 16209 | Slime:5  | Entered Level 5 of the Pits of Slime
 16219 | Slime:5  | Noticed an azure jelly
 16226 | Slime:5  | Noticed the Royal Jelly
 16228 | Slime:5  | Noticed a quicksilver ooze
 16228 | Slime:5  | Noticed an acid blob
 16233 | Slime:5  | Got the Grimoire of Spellbinding
 16240 | Slime:5  | Noticed an acid blob
 16242 | Slime:5  | Noticed a quicksilver ooze
 16243 | Slime:5  | Got the Catalogue of Tephra
 16244 | Slime:5  | Identified the ring "Ehaotoed" {rPois Str+8 Int-2} (You
                  | found it on level 5 of the Pits of Slime)
 16244 | Slime:5  | Noticed an acid blob
 16248 | Slime:5  | Noticed an acid blob
 16249 | Slime:5  | Identified the ring "Olioru" {Wiz rPois Int+2}
 16251 | Slime:5  | Found a viscous altar of Jiyva.
 16263 | Slime:5  | Got the Teachings on Grey Toxicants
 16280 | Slime:5  | Got a slimy rune of Zot
 16281 | Slime:5  | Identified the ring "Nepnia" {Wiz rN+ rCorr}
 16286 | Slime:5  | Got a starry gem with 517 turns to spare
 16301 | Slime:5  | Identified the staff of the Disturbing Scars {Int-2 Dex+5
                  | Ice Earth}
 16302 | Slime:5  | Identified the +5 flail of Clean Defiance {drain, rC+++
                  | Will++ Int-5}
 16309 | Slime:5  | Noticed an acid blob
 16364 | Slime:5  | Noticed an azure jelly
 16372 | Slime:5  | Noticed a quicksilver ooze
 16397 | Slime:5  | Noticed an acid blob
 16435 | Slime:5  | Noticed an acid blob
 16455 | Slime:5  | Noticed a rockslime
 16473 | Slime:5  | Noticed an acid blob
 16480 | Slime:5  | Noticed an acid blob
 16527 | Slime:5  | Paralysed by the wrath of Zin for 2 turns
 16527 | Slime:5  | Was forgiven by Zin
 16575 | Slime:5  | Noticed an acid blob
 16701 | Slime:2  | Noticed an azure jelly
 16701 | Slime:2  | Noticed a formless jellyfish
 16710 | Slime:1  | Noticed a quicksilver ooze
 16737 | Lair:5   | Entered Level 5 of the Lair of Beasts
 16829 | Lair:5   | Found a transporter.
 16839 | Lair:5   | Noticed DarkMedievalTimes's ghost (journeyman TrSh)
 16858 | Lair:5   | Found a transporter.
 16940 | Lair:5   | Identified the +0 robe of Jegoj {*Slow +Blink rF- SInv}
 17081 | Lair:5   | Found a blossoming altar of Fedhas.
 17701 | Lair:5   | Identified the amulet "Lann" {Faith *Corrode rPois rF+++
                  | rC+}
 17702 | Lair:5   | Got an earthy gem with 672 turns to spare
 17847 | Lair:5   | Reached skill level 10 in Evocations
 17993 | Lair:5   | Killed DarkMedievalTimes's ghost
 18233 | Orc:1    | Entered Level 1 of the Orcish Mines
 18239 | Orc:1    | Learned a level 4 spell: Cause Fear
 18286 | Orc:1    | Gained mutation: Your translucent skin slightly reduces
                  | your foes' accuracy. (Stealth+) [Jiyva's grace]
 18286 | Orc:1    | Gained mutation: Your translucent skin reduces your foes'
                  | accuracy. (Stealth+) [Jiyva's grace]
 18286 | Orc:1    | Gained mutation: Your transparent skin significantly
                  | reduces your foes' accuracy. (Stealth+) [Jiyva's grace]
 18286 | Orc:1    | Gained mutation: Your rubbery body absorbs attacks. (AC +1,
                  | EV +1) [Jiyva's grace]
 18397 | Orc:1    | Noticed Fannar
 18416 | Orc:1    | Killed Fannar
 18429 | Orc:1    | Noticed Josephine
 18458 | Orc:1    | Killed Josephine
 18519 | Orc:1    | Reached XP level 15. HP: 71/78 MP: 26/26
 18527 | Orc:1    | Found Ryulimmo's Armour Emporium.
 18685 | Orc:1    | Reached skill level 1 in Shields
 18999 | Orc:1    | Noticed Urug
 19011 | Orc:1    | Killed Urug
 19117 | Orc:2    | Entered Level 2 of the Orcish Mines
 19584 | Orc:2    | Found Congioq's Jewellery Emporium.
 19614 | Orc:2    | Found Axaad's Distillery.
 19621 | Orc:2    | Found Wuneos's General Store.
 19623 | Orc:2    | Found Xulobleg's General Store.
 19641 | Orc:2    | Bought a potion of heal wounds for 60 gold pieces
 19653 | Orc:2    | Bought a scroll of enchant weapon for 112 gold pieces
 19857 | Orc:2    | Lost mutation: Your transparent skin significantly reduces
                  | your foes' accuracy. (Stealth+) [Jiyva's grace]
 19857 | Orc:2    | Lost mutation: Your translucent skin reduces your foes'
                  | accuracy. (Stealth+) [Jiyva's grace]
 19857 | Orc:2    | Gained mutation: Your muscles are strong. (Str +4, Int/Dex
                  | -1) [Jiyva's grace]
 19857 | Orc:2    | Gained mutation: Your muscles are very strong. (Str +8,
                  | Int/Dex -2) [Jiyva's grace]
 19857 | Orc:2    | Gained mutation: Your spells are a little harder to cast,
                  | but a little more powerful. [Jiyva's grace]
 19857 | Orc:2    | Gained mutation: Your spells are harder to cast, but more
                  | powerful. [Jiyva's grace]
 19891 | Orc:2    | Found a staircase to the Elven Halls.
 20040 | Orc:2    | Bought a scroll of identify for 28 gold pieces
 20597 | D:13     | Found an ornate altar of the Wu Jian Council.
 20663 | D:12     | Reached skill level 10 in Hexes
 20687 | D:12     | Got Sif Muna's Annotations on Cooperative Movement
 21557 | D:14     | Reached skill level 15 in Ranged Weapons
 21713 | D:14     | Found a gate to the Vaults.
 21945 | D:15     | Entered Level 15 of the Dungeon
 22018 | D:15     | Noticed Rupert
 22024 | D:15     | Killed Rupert
 22063 | D:15     | Reached skill level 10 in Translocations
 22160 | D:15     | Identified the +0 whip "Iklevauc" {drain, *Noise rPois
                  | Str+3}
 22198 | D:15     | Lost mutation: Your muscles are very strong. (Str +8,
                  | Int/Dex -2) [Jiyva's grace]
 22198 | D:15     | Gained mutation: You are strong-willed. (Will+) [Jiyva's
                  | grace]
 22198 | D:15     | Gained mutation: You are highly strong-willed. (Will++)
                  | [Jiyva's grace]
 22198 | D:15     | Gained mutation: You are extremely strong-willed. (Will+++)
                  | [Jiyva's grace]
 22198 | D:15     | Gained mutation: You expend magic power (3 MP) to
                  | strengthen your wands. [Jiyva's grace]
 22240 | D:15     | Reached XP level 16. HP: 84/84 MP: 27/29
 22360 | D:15     | Found a staircase to the Depths.
 22912 | Swamp:1  | Entered Level 1 of the Swamp
 23868 | Swamp:2  | Lost mutation: You are extremely strong-willed. (Will+++)
                  | [Jiyva's grace]
 23868 | Swamp:2  | Lost mutation: You are highly strong-willed. (Will++)
                  | [Jiyva's grace]
 23868 | Swamp:2  | Lost mutation: Your translucent skin slightly reduces your
                  | foes' accuracy. (Stealth+) [Jiyva's grace]
 23868 | Swamp:2  | Lost mutation: You expend magic power (3 MP) to strengthen
                  | your wands. [Jiyva's grace]
 23868 | Swamp:2  | Gained mutation: Your pliable body absorbs attacks. (AC +2,
                  | EV +2) [Jiyva's grace]
 23868 | Swamp:2  | Gained mutation: Your gelatinous body deflects attacks. (AC
                  | +3, EV +3) [Jiyva's grace]
 23868 | Swamp:2  | Gained mutation: You possess an exceptional clarity of
                  | mind. [Jiyva's grace]
 23868 | Swamp:2  | Gained mutation: You are partially covered in iridescent
                  | scales. (AC +2) [Jiyva's grace]
 25103 | Swamp:4  | Entered Level 4 of the Swamp
 25127 | Swamp:4  | Noticed Louise
 25252 | Swamp:3  | Killed Louise
 25270 | Swamp:4  | Found the +4 robe of Folly {Brill Will-∞ Int+8}
 25513 | Swamp:4  | Lost mutation: You are partially covered in iridescent
                  | scales. (AC +2) [Jiyva's grace]
 25513 | Swamp:4  | Lost mutation: You possess an exceptional clarity of mind.
                  | [Jiyva's grace]
 25513 | Swamp:4  | Lost mutation: Your gelatinous body deflects attacks. (AC
                  | +3, EV +3) [Jiyva's grace]
 25513 | Swamp:4  | Gained mutation: You have acidic saliva. [Jiyva's grace]
 25513 | Swamp:4  | Gained mutation: Your body has grown eyes which may confuse
                  | attackers. (Acc +3) [Jiyva's grace]
 25513 | Swamp:4  | Gained mutation: Your body has grown many eyes which may
                  | confuse attackers. (Acc +5) [Jiyva's grace]
 25513 | Swamp:4  | Gained mutation: Your body is covered in eyes which may
                  | confuse attackers. (Acc +7, SInv) [Jiyva's grace]
 25589 | Swamp:4  | Noticed the 27-headed Lernaean hydra
 25601 | Swamp:4  | Killed the 27-headed Lernaean hydra
 25602 | Swamp:4  | Reached XP level 17. HP: 62/88 MP: 31/31
 25728 | Swamp:4  | Reached skill level 10 in Fighting
 25840 | Swamp:4  | Got a decaying rune of Zot
 26117 | Lair:3   | Learned a level 7 spell: Enfeeble
 26118 | Spider:1 | Entered Level 1 of the Spider Nest
 26222 | Spider:1 | Reached skill level 5 in Shields
 26272 | Spider:1 | Noticed Asterion
 26283 | Spider:1 | Killed Asterion
 26295 | Spider:1 | Learned a level 6 spell: Eringya's Noxious Bog
 26352 | Spider:1 | Reached skill level 15 in Dodging
 27225 | Spider:3 | Found a glacial archway.
 27227 | Spider:3 | Noticed Bai Suzhen
 27236 | Spider:3 | Killed Bai Suzhen
 27256 | IceCv    | Entered an ice cave
 27288 | IceCv    | Reached skill level 10 in Spellcasting
 27361 | IceCv    | Identified the +1 robe of the Delightful God {Will+ MP+9
                  | Slay+2}
 27417 | IceCv    | Found a viscous altar of Jiyva.
 27434 | IceCv    | Identified the amulet "Pywk" {Acrobat *Corrode Regen+
                  | Str+5}
 27601 | Spider:3 | Lost mutation: Your body is covered in eyes which may
                  | confuse attackers. (Acc +7, SInv) [Jiyva's grace]
 27601 | Spider:3 | Lost mutation: Your body has grown many eyes which may
                  | confuse attackers. (Acc +5) [Jiyva's grace]
 27601 | Spider:3 | Lost mutation: Your pliable body absorbs attacks. (AC +2,
                  | EV +2) [Jiyva's grace]
 27601 | Spider:3 | Gained mutation: You have a small jelly attached to you
                  | that senses nearby items. [Jiyva's grace]
 27601 | Spider:3 | Gained mutation: Your body has grown many eyes which may
                  | confuse attackers. (Acc +5) [Jiyva's grace]
 27601 | Spider:3 | Gained mutation: Your body is covered in eyes which may
                  | confuse attackers. (Acc +7, SInv) [Jiyva's grace]
 27601 | Spider:3 | Gained mutation: You have a pair of small horns on your
                  | head. [Jiyva's grace]
 28045 | Spider:4 | Entered Level 4 of the Spider Nest
 28176 | Spider:4 | Reached XP level 18. HP: 82/95 MP: 33/33
 28539 | Spider:4 | Reached skill level 10 in Alchemy
 28696 | Spider:4 | Got a gossamer rune of Zot
 28698 | Spider:4 | Got a milky-white gem with 396 turns to spare
 29164 | Elf:1    | Entered Level 1 of the Elven Halls
 29303 | Elf:1    | Acquired the Notes on the Entranced Adder
 29427 | Elf:1    | Paralysed by an air elemental for 1 turns
 29514 | Elf:1    | Reached skill level 1 in Long Blades
 29651 | Elf:1    | Found an ancient bone altar of Kikubaaqudgha.
 29747 | Elf:1    | Lost mutation: Your body is covered in eyes which may
                  | confuse attackers. (Acc +7, SInv) [Jiyva's grace]
 29747 | Elf:1    | Gained mutation: Your muscles are very strong. (Str +8,
                  | Int/Dex -2) [Jiyva's grace]
 29747 | Elf:1    | Gained mutation: Your spells are much harder to cast, but
                  | much more powerful. [Jiyva's grace]
 29747 | Elf:1    | Gained mutation: Your body is covered in eyes which may
                  | confuse attackers. (Acc +7, SInv) [Jiyva's grace]
 29747 | Elf:1    | Gained mutation: You have a small jelly attached to you
                  | that may absorb projectiles. [Jiyva's grace]
 29747 | Elf:1    | Noticed Roxanne
 29754 | Elf:1    | Killed Roxanne
 29789 | Elf:1    | Found Mypuxi Regu's Jewellery Shoppe.
 29789 | Elf:1    | Found Citocemm's Book Boutique.
 29790 | Elf:1    | Found Juwkon's Jewellery Shoppe.
 29802 | Elf:1    | Bought a manual of Shields for 960 gold pieces
 29868 | Elf:1    | Noticed Kirke
 29881 | Elf:1    | Killed Kirke
 30421 | Elf:2    | Paralysed by an air elemental for 1 turns
 30491 | Elf:2    | Paralysed by an air elemental for 1 turns
 30697 | Elf:2    | Identified the +11 orcbow "Qitoosch" {drain, ^Drain rPois
                  | Str+3 SInv}
 30840 | Elf:2    | Found a runed translucent gate.
 30841 | Elf:2    | Found a runed translucent gate.
 30843 | Elf:2    | Found a runed translucent gate.
 31053 | Elf:3    | Entered Level 3 of the Elven Halls
 31053 | Elf:3    | Found Qotan's Assorted Antiques.
 31094 | Elf:3    | Bought a scroll of fog for 116 gold pieces
 31174 | Elf:3    | Reached XP level 19. HP: 99/99 MP: 35/35
 31188 | Elf:3    | Bought a scroll of identify for 58 gold pieces
 31306 | Elf:3    | Lost mutation: Your body is covered in eyes which may
                  | confuse attackers. (Acc +7, SInv) [Jiyva's grace]
 31306 | Elf:3    | Lost mutation: You have a small jelly attached to you that
                  | senses nearby items. [Jiyva's grace]
 31306 | Elf:3    | Gained mutation: You have very sharp teeth. [Jiyva's grace]
 31306 | Elf:3    | Gained mutation: You have extremely sharp teeth. [Jiyva's
                  | grace]
 31306 | Elf:3    | Gained mutation: You have razor-sharp teeth. [Jiyva's
                  | grace]
 31306 | Elf:3    | Gained mutation: You passively dampen the noise of your
                  | surroundings. [Jiyva's grace]
 31530 | Elf:3    | Found Ylanlet's Antique Weapon Shoppe.
 31532 | Elf:3    | Found Kiethusch's Antique Armour Emporium.
 31535 | Elf:3    | Found Xohymug's General Store.
 31596 | Elf:3    | Noticed Norris
 31609 | Elf:3    | Killed Norris
 32559 | Elf:3    | Identified the +6 scale mail "Migaaf" {^Contam Will++
                  | Regen+ Dex-2}
 32586 | Elf:3    | Identified the ring of Feuqol {Wiz rElec rF+ rN+ Dex-4}
 32640 | Elf:3    | Identified the ring of Dimefecy {Wiz rPois Str+2 Dex+3
                  | Stlth-}
 32716 | Elf:3    | Identified the amulet of Besket {Faith MP-9 Dex+5}
 32737 | Elf:3    | Reached skill level 15 in Hexes
 32745 | Elf:3    | Identified the +7 quarterstaff "Qututowk" {distort, Str-2
                  | Dex+2 SInv}
 32809 | Elf:3    | Identified the +1 robe of Qiafutez {Dex+3}
 32827 | Elf:3    | Got the Incunabulum of Zombies and the Band
 32833 | Elf:3    | Got Sif Muna's Notes on Relocation and Accomplices
 32839 | Elf:3    | Learned a level 4 spell: Dimensional Bullseye
 32843 | Elf:3    | Identified the +0 barding of Classification {Str-2 Dex+5}
 32864 | Elf:3    | Learned a level 8 spell: Discord
 32869 | Elf:3    | Identified the staff "Myttiah" {rPois rF+ Dex-3 Conj
                  | Alchemy}
 32879 | Elf:3    | Identified the staff "Fish" {Str+3 SInv Conj}
 33251 | Vaults:1 | Entered Level 1 of the Vaults
 33477 | Vaults:1 | Reached XP level 20. HP: 94/104 MP: 37/37
 34216 | Vaults:1 | Lost mutation: You have razor-sharp teeth. [Jiyva's grace]
 34216 | Vaults:1 | Lost mutation: You are strong-willed. (Will+) [Jiyva's
                  | grace]
 34216 | Vaults:1 | Lost mutation: Your spells are much harder to cast, but
                  | much more powerful. [Jiyva's grace]
 34216 | Vaults:1 | Lost mutation: Your body has grown many eyes which may
                  | confuse attackers. (Acc +5) [Jiyva's grace]
 34216 | Vaults:1 | Gained mutation: Your flesh is heat resistant. (rF+)
                  | [Jiyva's grace]
 34216 | Vaults:1 | Gained mutation: Your flesh is very heat resistant. (rF++)
                  | [Jiyva's grace]
 34216 | Vaults:1 | Gained mutation: Your flesh is almost immune to the effects
                  | of heat. (rF+++) [Jiyva's grace]
 34216 | Vaults:1 | Gained mutation: You have hidden genetic potential.
                  | [Jiyva's grace]
 34514 | Vaults:2 | Reached XP level 21. HP: 109/109 MP: 38/38
 34765 | Vaults:2 | Identified the +3 orcbow "Neinuen" {elec, rElec MP+9 Str-2
                  | Int+3}
 35425 | Vaults:2 | Found a staircase to the Crypt.
 35540 | Vaults:2 | Lost mutation: You have a pair of small horns on your head.
                  | [Jiyva's grace]
 35540 | Vaults:2 | Lost mutation: Your muscles are very strong. (Str +8,
                  | Int/Dex -2) [Jiyva's grace]
 35540 | Vaults:2 | Lost mutation: Your spells are harder to cast, but more
                  | powerful. [Jiyva's grace]
 35540 | Vaults:2 | Gained mutation: You are robust. (+10% HP) [Jiyva's grace]
 35540 | Vaults:2 | Gained mutation: You are very robust. (+20% HP) [Jiyva's
                  | grace]
 35540 | Vaults:2 | Gained mutation: You are extremely robust. (+30% HP)
                  | [Jiyva's grace]
 35540 | Vaults:2 | Gained mutation: Your translucent skin slightly reduces
                  | your foes' accuracy. (Stealth+) [Jiyva's grace]
 36399 | Vaults:3 | Reached XP level 22. HP: 149/149 MP: 40/40
 36761 | Vaults:3 | Found a transporter.
 36770 | Vaults:3 | Found a transporter.
 36825 | Vaults:3 | Found a bloodstained altar of Trog.
 36825 | Vaults:3 | Found the +8 Wrath of Trog {antimagic, *Rage Rampage}
 37038 | Vaults:4 | Lost mutation: You have extremely sharp teeth. [Jiyva's
                  | grace]
 37038 | Vaults:4 | Lost mutation: You have acidic saliva. [Jiyva's grace]
 37038 | Vaults:4 | Lost mutation: Your body has grown eyes which may confuse
                  | attackers. (Acc +3) [Jiyva's grace]
 37038 | Vaults:4 | Lost mutation: Your rubbery body absorbs attacks. (AC +1,
                  | EV +1) [Jiyva's grace]
 37038 | Vaults:4 | Lost mutation: You have hidden genetic potential. [Jiyva's
                  | grace]
 37038 | Vaults:4 | Gained mutation: You have a somewhat thin skeletal
                  | structure. (Dex +2, Stealth+) [Jiyva's grace]
 37038 | Vaults:4 | Gained mutation: You have a moderately thin skeletal
                  | structure. (Dex +4, Stealth++) [Jiyva's grace]
 37038 | Vaults:4 | Gained mutation: You have an unnaturally thin skeletal
                  | structure. (Dex +6, Stealth+++) [Jiyva's grace]
 37038 | Vaults:4 | Gained mutation: Your mind is acute. (Int +4, Str/Dex -1)
                  | [Jiyva's grace]
 37099 | Vaults:4 | Noticed Mennas
 37129 | Vaults:4 | Killed Mennas
 37414 | Vaults:4 | Noticed Sojobo
 37448 | Vaults:4 | Killed Sojobo
 37497 | Vaults:4 | Noticed Zenata
 37504 | Vaults:4 | Killed Zenata
 37537 | Vaults:4 | Found a gateway to a bazaar.
 37559 | Bazaar   | Entered a bazaar
 37559 | Bazaar   | Found Oti Cewn's Armour Shop.
 37559 | Bazaar   | Found Molow's Armour Shoppe.
 37559 | Bazaar   | Found Waenemat's Distillery.
 37560 | Bazaar   | Found Viluikim's Antique Weapon Shop.
 37607 | Bazaar   | Bought a potion of resistance for 140 gold pieces
 37607 | Bazaar   | Bought a potion of enlightenment for 70 gold pieces
 37607 | Bazaar   | Bought a potion of ambrosia for 112 gold pieces
 37607 | Bazaar   | Bought a potion of brilliance for 56 gold pieces
 37607 | Bazaar   | Bought a potion of haste for 140 gold pieces
 37607 | Bazaar   | Bought 2 potions of curing for 84 gold pieces
 37638 | Vaults:4 | Found a huge runed translucent gate.
 37638 | Vaults:4 | Found a huge runed translucent gate.
 37638 | Vaults:4 | Found a huge runed translucent gate.
 37638 | Vaults:4 | Found a huge runed translucent gate.
 37638 | Vaults:4 | Found a huge runed translucent gate.
 37638 | Vaults:4 | Found a huge runed translucent gate.
 37638 | Vaults:4 | Found a huge runed translucent gate.
 37638 | Vaults:4 | Found a huge runed translucent gate.
 37638 | Vaults:4 | Found a huge runed translucent gate.
 37639 | Vaults:4 | Found a huge runed translucent gate.
 37639 | Vaults:4 | Found a huge runed translucent gate.
 37639 | Vaults:4 | Found a huge runed translucent gate.
 37639 | Vaults:4 | Found a huge runed translucent gate.
 37644 | Vaults:4 | Found a huge runed translucent gate.
 37645 | Vaults:4 | Found a huge runed translucent gate.
 37645 | Vaults:4 | Found a huge runed translucent gate.
 37645 | Vaults:4 | Found a huge runed translucent gate.
 37645 | Vaults:4 | Found a huge runed translucent gate.
 37649 | Vaults:4 | Found a huge runed translucent gate.
 37650 | Vaults:4 | Found a huge runed translucent gate.
 37651 | Vaults:4 | Found a huge runed translucent gate.
 37651 | Vaults:4 | Found a huge runed translucent gate.
 37877 | Vaults:4 | Found a huge runed translucent gate.
 37878 | Vaults:4 | Found a huge runed translucent gate.
 37879 | Vaults:4 | Found a huge runed translucent gate.
 37879 | Vaults:4 | Found a huge runed translucent gate.
 37881 | Vaults:4 | Found a huge runed translucent gate.
 37882 | Vaults:4 | Found a huge runed translucent gate.
 37883 | Vaults:4 | Found a huge runed translucent gate.
 37884 | Vaults:4 | Found a huge runed translucent gate.
 37884 | Vaults:4 | Found a huge runed translucent gate.
 37889 | Vaults:4 | Found a huge runed translucent gate.
 37890 | Vaults:4 | Found a huge runed translucent gate.
 37890 | Vaults:4 | Found a huge runed translucent gate.
 37890 | Vaults:4 | Found a huge runed translucent gate.
 37890 | Vaults:4 | Found a huge runed translucent gate.
 38120 | Depths:1 | Entered Level 1 of the Depths
 38302 | Depths:1 | Found a gateway to Hell.
 38448 | Depths:1 | Reached skill level 15 in Evocations
 38505 | Depths:1 | Identified the orb of Noiku {guile, Dex+3 SInv Tloc}
 38595 | Depths:1 | Found a one-way gate to the infinite horrors of the Abyss.
 38763 | Depths:1 | Lost mutation: Your mind is acute. (Int +4, Str/Dex -1)
                  | [Jiyva's grace]
 38763 | Depths:1 | Lost mutation: Your flesh is almost immune to the effects
                  | of heat. (rF+++) [Jiyva's grace]
 38763 | Depths:1 | Gained mutation: You are partially covered in iridescent
                  | scales. (AC +2) [Jiyva's grace]
 38763 | Depths:1 | Gained mutation: You are mostly covered in iridescent
                  | scales. (AC +4) [Jiyva's grace]
 38763 | Depths:1 | Gained mutation: You are completely covered in iridescent
                  | scales. (AC +6) [Jiyva's grace]
 38763 | Depths:1 | Gained mutation: You have large cloven feet. [Jiyva's
                  | grace]
 39132 | Depths:2 | Found a one-way gate leading to the halls of Pandemonium.
 39341 | Depths:2 | Reached skill level 5 in Long Blades
 39350 | Depths:2 | Noticed a juggernaut
 39352 | Depths:2 | Noticed a caustic shrike
 39372 | Depths:1 | Killed a juggernaut
 39479 | Depths:2 | Reached XP level 23. HP: 157/157 MP: 38/42
 39493 | Depths:2 | Learned a level 4 spell: Passage of Golubria
 39616 | Depths:2 | Identified the +7 scimitar of the Wasteland {elec, rCorr
                  | Dex+3}
 39909 | Depths:2 | Killed a caustic shrike
 40148 | Depths:2 | Found a shimmering blue altar of Sif Muna.
 40290 | Depths:3 | Lost mutation: You have very sharp teeth. [Jiyva's grace]
 40290 | Depths:3 | Lost mutation: You have an unnaturally thin skeletal
                  | structure. (Dex +6, Stealth+++) [Jiyva's grace]
 40290 | Depths:3 | Lost mutation: You have a moderately thin skeletal
                  | structure. (Dex +4, Stealth++) [Jiyva's grace]
 40290 | Depths:3 | Lost mutation: Your flesh is very heat resistant. (rF++)
                  | [Jiyva's grace]
 40290 | Depths:3 | Lost mutation: Your flesh is heat resistant. (rF+) [Jiyva's
                  | grace]
 40290 | Depths:3 | Lost mutation: You are extremely robust. (+30% HP) [Jiyva's
                  | grace]
 40290 | Depths:3 | Lost mutation: You are very robust. (+20% HP) [Jiyva's
                  | grace]
 40290 | Depths:3 | Lost mutation: Your spells are a little harder to cast, but
                  | a little more powerful. [Jiyva's grace]
 40290 | Depths:3 | Gained mutation: Armour fits poorly on your pseudopods.
                  | [Jiyva's grace]
 40290 | Depths:3 | Gained mutation: Armour fits poorly on your large
                  | pseudopods. [Jiyva's grace]
 40290 | Depths:3 | Gained mutation: Armour fits poorly on your massive
                  | pseudopods. [Jiyva's grace]
 40290 | Depths:3 | Gained mutation: You have hoof-like feet. [Jiyva's grace]
 40321 | Depths:3 | Noticed a juggernaut
 40335 | Depths:3 | Killed a juggernaut
 40335 | Depths:3 | Noticed a juggernaut
 40418 | Depths:3 | Killed a juggernaut
 40693 | Depths:3 | Found a one-way gateway to a ziggurat.
 41472 | Depths:4 | Entered Level 4 of the Depths
 41649 | Depths:4 | Reached skill level 15 in Spellcasting
 41951 | Depths:4 | Identified the +12 triple sword of Fiefri {flame, rElec
                  | Dex+3}
 42057 | Depths:4 | Found a gate to the Realm of Zot.
 42216 | Depths:4 | Reached XP level 24. HP: 139/139 MP: 38/43
 42298 | Depths:4 | Found a runed translucent door.
 42301 | Depths:4 | Found a radiant altar of Vehumet.
 42302 | Depths:4 | Noticed an ancient lich
 42407 | Depths:4 | Identified the +9 falchion "Ipriot" {elec, *Noise Fly rPois
                  | Dex+4}
 42603 | Depths:4 | Killed an ancient lich
 42632 | Depths:4 | Got the Grimoire of the Impact
 42972 | D:8      | Killed Jeremiah
 43333 | Vaults:3 | Found a runed translucent door.
 43413 | Vaults:3 | Identified the +0 plate armour of Turph {Int+3}
 43618 | Vaults:5 | Entered Level 5 of the Vaults
 43618 | Vaults:5 | Noticed an ancient lich
 43618 | Vaults:5 | Lost mutation: You are completely covered in iridescent
                  | scales. (AC +6) [Jiyva's grace]
 43618 | Vaults:5 | Gained mutation: You expend magic power (3 MP) to
                  | strengthen your wands. [Jiyva's grace]
 43618 | Vaults:5 | Gained mutation: Your translucent skin reduces your foes'
                  | accuracy. (Stealth+) [Jiyva's grace]
 43618 | Vaults:5 | Gained mutation: Your transparent skin significantly
                  | reduces your foes' accuracy. (Stealth+) [Jiyva's grace]
 43618 | Vaults:5 | Gained mutation: You possess an exceptional clarity of
                  | mind. [Jiyva's grace]
 43759 | Vaults:5 | Noticed a dread lich
 43759 | Vaults:5 | Noticed Jory
 43765 | Vaults:5 | Killed Jory
 43766 | Vaults:5 | Reached skill level 15 in Alchemy
 43779 | Vaults:5 | Killed a dread lich
 43800 | Vaults:5 | Noticed a dread lich
 43808 | Vaults:5 | Killed a dread lich
 43810 | Vaults:5 | Got the Lessons on the Wendigo
 43813 | Vaults:5 | Got the Atlas of Conduction
 43906 | Vaults:5 | Noticed an ancient lich
 43917 | Vaults:5 | Killed an ancient lich
 43924 | Vaults:5 | Identified the +1 robe "Duiqah" {Harm rElec Regen+}
 43993 | Vaults:5 | Identified the +1 trident of Yppom {venom, rC+ Str-2 Int+3
                  | Stlth+}
 44005 | Vaults:5 | Killed an ancient lich
 44078 | Vaults:5 | Reached skill level 15 in Translocations
 44156 | Vaults:5 | Got Nimpitsu's Omnibus of Astrapomancy
 44269 | Vaults:5 | Got a silver rune of Zot
 44910 | Crypt:1  | Entered Level 1 of the Crypt
 44930 | Crypt:1  | Noticed Donald
 44936 | Crypt:1  | Killed Donald
 44948 | Crypt:1  | Reached XP level 25. HP: 145/145 MP: 43/43
 45729 | Crypt:2  | Lost mutation: You have hoof-like feet. [Jiyva's grace]
 45729 | Crypt:2  | Lost mutation: Your muscles are strong. (Str +4, Int/Dex
                  | -1) [Jiyva's grace]
 45729 | Crypt:2  | Lost mutation: Armour fits poorly on your massive
                  | pseudopods. [Jiyva's grace]
 45729 | Crypt:2  | Lost mutation: Armour fits poorly on your large pseudopods.
                  | [Jiyva's grace]
 45729 | Crypt:2  | Lost mutation: Your transparent skin significantly reduces
                  | your foes' accuracy. (Stealth+) [Jiyva's grace]
 45729 | Crypt:2  | Gained mutation: Armour fits poorly on your large
                  | pseudopods. [Jiyva's grace]
 45729 | Crypt:2  | Gained mutation: Armour fits poorly on your massive
                  | pseudopods. [Jiyva's grace]
 45729 | Crypt:2  | Gained mutation: You are very robust. (+20% HP) [Jiyva's
                  | grace]
 45729 | Crypt:2  | Gained mutation: You are extremely robust. (+30% HP)
                  | [Jiyva's grace]
 45942 | Crypt:3  | Entered Level 3 of the Crypt
 46242 | Crypt:3  | Found a basalt altar of Yredelemnul.
 46407 | Crypt:3  | Noticed Khufu
 46419 | Crypt:3  | Killed Khufu
 46437 | Crypt:3  | Found a staircase to the Tomb.
 46444 | Crypt:3  | Got an ivory gem with 567 turns to spare
 46451 | Crypt:3  | Got Ereshkigal's Compilation of the Cemetery
 46549 | Crypt:3  | Reached skill level 10 in Long Blades
 46637 | Crypt:3  | Identified the +4 longbow "Luesseg" {heavy, rCorr Dex+2}
 46695 | Crypt:3  | Identified the +8 trident of Impatience {freeze, Str+6}
 46943 | Crypt:3  | Learned a level 3 spell: Sigil of Binding
 47220 | Zot:1    | Entered Level 1 of the Realm of Zot
 47261 | Zot:1    | Noticed Vv
 47288 | Zot:1    | Killed Vv
 47613 | Zot:1    | Reached skill level 1 in Armour
 47965 | Zot:1    | Lost mutation: You are mostly covered in iridescent scales.
                  | (AC +4) [Jiyva's grace]
 47965 | Zot:1    | Lost mutation: You are partially covered in iridescent
                  | scales. (AC +2) [Jiyva's grace]
 47965 | Zot:1    | Lost mutation: You are extremely robust. (+30% HP) [Jiyva's
                  | grace]
 47965 | Zot:1    | Lost mutation: You have a small jelly attached to you that
                  | may absorb projectiles. [Jiyva's grace]
 47965 | Zot:1    | Lost mutation: You passively dampen the noise of your
                  | surroundings. [Jiyva's grace]
 47965 | Zot:1    | Gained mutation: You are agile. (Dex +4, Str/Int -1)
                  | [Jiyva's grace]
 47965 | Zot:1    | Gained mutation: You are very agile. (Dex +8, Str/Int -2)
                  | [Jiyva's grace]
 47965 | Zot:1    | Gained mutation: Your muscles are strong. (Str +4, Int/Dex
                  | -1) [Jiyva's grace]
 47965 | Zot:1    | Gained mutation: Your muscles are very strong. (Str +8,
                  | Int/Dex -2) [Jiyva's grace]
 48118 | Zot:2    | Noticed an orb of fire
 48196 | Zot:2    | Gained mutation: Your spells are a little easier to cast,
                  | but a little less powerful. [an orb of fire]
 48201 | Zot:2    | Killed an orb of fire
 48374 | Zot:2    | Reached skill level 5 in Armour
 49117 | Zot:3    | Noticed an orb of fire
 49123 | Zot:3    | Killed an orb of fire
 49521 | Zot:3    | Lost mutation: Your muscles are very strong. (Str +8,
                  | Int/Dex -2) [Jiyva's grace]
 49521 | Zot:3    | Lost mutation: Armour fits poorly on your massive
                  | pseudopods. [Jiyva's grace]
 49521 | Zot:3    | Lost mutation: Your spells are a little easier to cast, but
                  | a little less powerful. [Jiyva's grace]
 49521 | Zot:3    | Gained mutation: Your system is resistant to poisons.
                  | (rPois) [Jiyva's grace]
 49521 | Zot:3    | Gained mutation: Your muscles are very strong. (Str +8,
                  | Int/Dex -2) [Jiyva's grace]
 49521 | Zot:3    | Gained mutation: Your rubbery body absorbs attacks. (AC +1,
                  | EV +1) [Jiyva's grace]
 49521 | Zot:3    | Gained mutation: Your pliable body absorbs attacks. (AC +2,
                  | EV +2) [Jiyva's grace]
 49908 | Zot:4    | Reached skill level 10 in Stealth
 50047 | Zot:4    | Noticed an orb of fire
 50054 | Zot:4    | Killed an orb of fire
 50055 | Zot:4    | Reached XP level 26. HP: 146/165 MP: 11/44
 50218 | Zot:4    | Noticed Grunn
 50229 | Zot:4    | Killed Grunn
 50715 | Zot:5    | Entered Level 5 of the Realm of Zot
 50716 | Zot:5    | Noticed an ancient lich
 50852 | Zot:5    | Lost mutation: You have a somewhat thin skeletal structure.
                  | (Dex +2, Stealth+) [Jiyva's grace]
 50852 | Zot:5    | Lost mutation: Your system is resistant to poisons. (rPois)
                  | [Jiyva's grace]
 50852 | Zot:5    | Lost mutation: You are very robust. (+20% HP) [Jiyva's
                  | grace]
 50852 | Zot:5    | Lost mutation: You are robust. (+10% HP) [Jiyva's grace]
 50852 | Zot:5    | Lost mutation: Your pliable body absorbs attacks. (AC +2,
                  | EV +2) [Jiyva's grace]
 50852 | Zot:5    | Lost mutation: Armour fits poorly on your large pseudopods.
                  | [Jiyva's grace]
 50852 | Zot:5    | Lost mutation: Your translucent skin reduces your foes'
                  | accuracy. (Stealth+) [Jiyva's grace]
 50852 | Zot:5    | Lost mutation: You expend magic power (3 MP) to strengthen
                  | your wands. [Jiyva's grace]
 50852 | Zot:5    | Gained mutation: Your translucent skin reduces your foes'
                  | accuracy. (Stealth+) [Jiyva's grace]
 50852 | Zot:5    | Gained mutation: Your transparent skin significantly
                  | reduces your foes' accuracy. (Stealth+) [Jiyva's grace]
 50852 | Zot:5    | Gained mutation: You are resistant to electric shocks.
                  | (rElec) [Jiyva's grace]
 50852 | Zot:5    | Gained mutation: You are strong-willed. (Will+) [Jiyva's
                  | grace]
 51060 | Zot:5    | Noticed a dread lich
 51083 | Zot:5    | Noticed an orb of fire
 51121 | Zot:5    | Noticed an orb of fire
 51141 | Zot:5    | Killed an orb of fire
 51153 | Zot:5    | Noticed a dread lich
 51164 | Zot:5    | Killed a dread lich
 51169 | Zot:5    | Killed an orb of fire
 51173 | Zot:5    | Noticed an orb of fire
 51177 | Zot:5    | Killed an orb of fire
 51204 | Zot:5    | Noticed a dread lich
 51208 | Zot:5    | Noticed an orb of fire
 51209 | Zot:5    | Noticed an orb of fire
 51210 | Zot:5    | Killed a dread lich
 51211 | Zot:5    | Gained mutation: Your health recovers twice as slowly from
                  | being drained. [an orb of fire]
 51214 | Zot:5    | Killed an orb of fire
 51215 | Zot:5    | Killed an orb of fire
 51242 | Zot:5    | Killed a dread lich
 51785 | Zot:5    | Killed an ancient lich
 52153 | Depths:3 | Voluntarily entered the Abyss.
 52297 | Abyss:1  | Found a corrupted altar of Lugonu.
 52304 | Abyss:1  | Found a corrupted altar of Lugonu.
 52416 | Abyss:2  | Found a corrupted altar of Lugonu.
 52454 | Abyss:2  | Lost mutation: Your muscles are very strong. (Str +8,
                  | Int/Dex -2) [Jiyva's grace]
 52454 | Abyss:2  | Gained mutation: Your pliable body absorbs attacks. (AC +2,
                  | EV +2) [Jiyva's grace]
 52454 | Abyss:2  | Gained mutation: Your gelatinous body deflects attacks. (AC
                  | +3, EV +3) [Jiyva's grace]
 52454 | Abyss:2  | Gained mutation: You have an increased reservoir of magic.
                  | (+10% MP) [Jiyva's grace]
 52454 | Abyss:2  | Gained mutation: You have a considerably increased
                  | reservoir of magic. (+20% MP) [Jiyva's grace]
 52468 | Abyss:2  | Paralysed by accursed screaming for 1 turns
 52523 | Abyss:2  | Found a corrupted altar of Lugonu.
 52574 | Abyss:2  | Found a corrupted altar of Lugonu.
 52596 | Abyss:2  | Found a corrupted altar of Lugonu.
 52713 | Abyss:2  | Found a corrupted altar of Lugonu.
 52733 | Abyss:2  | Paralysed by accursed screaming for 1 turns
 53220 | Abyss:2  | Found a corrupted altar of Lugonu.
 53244 | Abyss:2  | Reached XP level 27. HP: 143/143 MP: 54/54
 53259 | Abyss:2  | Found a corrupted altar of Lugonu.
 53513 | Abyss:3  | Found a corrupted altar of Lugonu.
 53525 | Abyss:3  | Found a transporter.
 53526 | Abyss:3  | Got an abyssal rune of Zot
 53533 | Abyss:3  | Found a transporter.
 53533 | Abyss:3  | Noticed an ancient lich
 53536 | Abyss:3  | Killed an ancient lich
 53599 | Abyss:3  | Found a corrupted altar of Lugonu.
 53602 | Abyss:3  | Found a transporter.
 53778 | Abyss:3  | Found a corrupted altar of Lugonu.
 53786 | Depths:3 | Escaped the Abyss
 53999 | Zot:5    | Got the Orb of Zot
 54466 | D:$      | Escaped with the Orb!

Illustrated notes

Levels and vault maps discovered:
D:1:      amcnicky_arrival_blooded_trapdoor, layout_basic
D:2:      layout_basic, serial_rivers, chequers_serial_rivers_small_a,
          chequers_serial_rivers_marsh, chequers_serial_rivers_micro_d,
          chequers_serial_rivers_marsh, chequers_serial_rivers_micro_a,
          chequers_serial_rivers_micro_e, nicolae_grassy_gnolls
D:3:      layout_loops_cross, nicolae_overflow_hidden_temple,
          lemuel_zombie_altar_yredelemnul, serial_park_tiny_2
D:4:      layout_loops_corners, grunt_temple_overflow_order_and_chaos_2,
          nicolae_overflow_crystal_walls, uniq_blork_the_orc, uniq_pikel,
          uniq_natasha
D:5:      lemuel_castle_with_subvaults [lemuel_castle_interior_carwin_2],
          layout_loops_ring, uniq_ijyb
D:6:      layout_loops_corners, lemuel_coloured_pillars_altar,
          gup_sewer_entry_spiral
D:7:      layout_basic, temple_statues, nicolae_ossuary_entry_giza,
          dreamdust_wishing_well, uniq_maggie
D:8:      layout_gridville, mainiacjoe_overflow_alcove_4,
          minmay_hollow_rounded_squares, uniq_erica, uniq_prince_ribbit1,
          uniq_jeremiah
D:9:      layout_roguey, nicolae_overflow_squiral, led_xom_imps,
          minmay_fire_ice_demons
D:10:     layout_big_octagon, grunt_gozag_statues, mainiacjoe_overflow_24_doors,
          marbit_many_paths, lair_entry_dummy, orc_0_dummy,
          lightli_fourway_metalbox
D:11:     lemuel_ogre_cave, layout_basic, nicolae_trove_entry_isolated,
          uniq_nergalle, uniq_lodul
D:12:     minmay_isolated_rectangles_in_corner, layout_basic,
          okawaru_altar_gauntlet_db
D:13:     layout_loops_ring, nicolae_wu_jian_glorious_leap
D:14:     layout_cave_pools, hellmonk_vaults_order_and_chaos,
          kennysheep_minor_cross
D:15:     gammafunk_depths_entry_grave, layout_long_grid,
          minmay_misc_feat_more_columns, grunt_ministairs_14,
          nicolae_twisty_statue_hallways, uniq_rupert
Temple:   pf_slimified_temple
Lair:1:   layout_regular_city, hibernation_bobbens
Lair:2:   layout_regular_city, grunt_megastairs_1, uniq_gastronok
Lair:3:   layout_regular_city, mainiacjoe_swamp_entry_angry_trees,
          spider_nest_entry_a, nicolae_quartered_pool_little, lemuel_fruit_tree
Lair:4:   layout_roguey, minmay_slime_entry_pillars, infiniplex_staircase_pool
Lair:5:   due_jungle_book, layout_regular_city, nzn_ghost_randoct, basic_altar,
          chequers_serial_rivers_small_a, wad_woods_03, grunt_megastairs_5,
          serial_bayou_shore_b
Swamp:1:  layout_basic_swamp, hangedman_swamp_diagram
Swamp:2:  layout_basic_swamp, nicolae_swamp_very_dense_foliage
Swamp:3:  layout_falls_marsh, serial_swamp_ruin, evilmike_swamp_ruin_house_5,
          evilmike_swamp_ruin_house_2
Swamp:4:  swamp_old_school, layout_basic_swamp, swamp_pool_1_2,
          nzn_swamp_dancing_lights, uniq_louise
Spider:1: layout_spider_delve, uniq_asterion
Spider:2: layout_spider_delve
Spider:3: layout_spider_delve, portal_ice_cave_entry_frozen_things,
          hangedman_spider_tarantella_strand, uniq_bai_suzhen
Spider:4: hellmonk_spider_rune_endless_swarm
Slime:1:  layout_caves
Slime:2:  layout_caves
Slime:3:  layout_caves
Slime:4:  layout_caves
Slime:5:  slime_pit_nicolae_amoeboid
Orc:1:    hellmonk_paralyzer, layout_caves, guppyfry_orc_lava_fort,
          uniq_josephine, uniq_fannar, uniq_urug
Orc:2:    st_orc_elflike, layout_caves, minmay_orc_temple_b
Elf:1:    minmay_elf_arrival_circle, layout_loops_corners, basic_altar,
          minivault_28, minmay_shop_grove, uniq_roxanne, uniq_kirke
Elf:2:    nicolae_elf_blades_splatter_lattice
          [nicolae_blade_entry_diamond_columns], layout_loops_cross
Elf:3:    minmay_elf_hall_quartered_circle, layout_geoelf_diagonals,
          serial_shops, shop, minmay_shop_star, uniq_norris
Vaults:1: ontoclasm_vaults_shuriken, nicolae_vaults_house_3, v_alt_pattern_5,
          nicolae_vaults_sesquioval_fish, v_pattern_3,
          nicolae_vaults_closet_pinwheel_6, nicolae_vaults_house_3,
          nicolae_vaults_network_square, nicolae_vaults_diamond_2, v_misc_14,
          ontoclasm_vaults_gateway, ontoclasm_vaults_fault,
          layout_vaults_big_room
Vaults:2: v_misc_16, nicolae_vaults_lightning_bolt, hangedman_vaults_snaps,
          nicolae_vaults_mini_display_case, nicolae_vaults_sightless_eye,
          minmay_crypt_entry_simple_sparse, nicolae_vaults_asterisk,
          nicolae_vaults_tangram_1, hangedman_vaults_capsules,
          nicolae_vaults_two_Ls, nicolae_vaults_storage_room_statues,
          layout_vaults_quadrants
Vaults:3: vaults_mumra_hex, v_misc_2, vaults_room_stairs_pillars, v_misc_19,
          nicolae_vaults_shrinking_rooms_2, emtedronai_trogs_sanctum,
          nicolae_vaults_little_squares_6, v_misc_17,
          nicolae_vaults_border_crossing, nicolae_vaults_cochlea,
          nicolae_vaults_little_squares_5, nicolae_vaults_tetromino_L_1,
          layout_vaults_omnicross
Vaults:4: v_misc_29, v_misc_27, v_misc_10, ontoclasm_vaults_ring_large,
          not_door_vault_mu, nicolae_vaults_little_squares_4,
          nicolae_vaults_circle_grid_a, nicolae_vaults_bisected_exclaves,
          v_misc_11, nicolae_vaults_variable_pillar_hall, layout_vaults_maze,
          serial_shops, bzr_in_the_mist, uniq_sojobo, uniq_mennas, uniq_zenata
Vaults:5: uniq_jory
Crypt:1:  layout_misc_corridors, uniq_donald
Crypt:2:  layout_rooms
Crypt:3:  grunt_crypt_end_deaths_head
Depths:1: layout_forbidden_donut, hellmouth_3,
          serial_library_hellmonk_reading_circle,
          nicolae_abyss_entry_one_way_or_another, feat_on_display
Depths:2: minmay_heptahexagon, layout_gridville, pan_entry,
          hangedman_coc_ice_floe, lemuel_blue_sif_altar,
          infiniplex_staircase_pillars_3a
Depths:3: minmay_distorted_concentric_squares, layout_cave_shapes,
          enter_ziggurat_b, abyss_entry, hell_entry, special_room
          [special_room_mythical_zoo], grunt_decor_resistance
Depths:4: grunt_zot_entry_alcove, layout_gridville, grunt_hell_entry_dis_old,
          rand_demon_pan_entry_3, hangedman_glass_teeth,
          grunt_absolute_annihilation
Zot:1:    layout_gridlike, drop_trap, grunt_ministairs_10, uniq_vv
Zot:2:    layout_misc_corridors, hangedman_zot_decor_checkerboard,
          regret_index_zotdec_serpentine_scales
Zot:3:    layout_cathedral_of_symmetry
Zot:4:    layout_twisted_circle, regret_index_zot_stipple_split, uniq_grunn
Zot:5:    layout_misc_corridors

Skill      XL: |  1  2  3  4  5  6  7  8  9 10 11 12 13 14 15 16 17 18 19 20 21 22 23 24 25 26 27 |
---------------+----------------------------------------------------------------------------------+-----
Stealth        | 2 3 4 5 10 | 10.0
Dodging        | 3 4 6 7 8 9 10 11 12 13 14 15 16 17 18 19 20 21 | 21.5
Fighting       | 2 3 4 5 6 7 8 9 10 11 12 13 14 | 14.6
Ranged Weapons | 5 6 7 8 10 11 12 13 14 15 16 17 18 19 20 21 | 21.5
Invocations    | 2 3 4 |  4.9
Earth Magic    | 2 3 4 5 6 |  6.2
Evocations     | 2 4 6 8 9 10 11 12 13 14 15 16 17 18 19 | 19.0
Throwing       | 2 4 6 |  6.0
Translocations | 4 6 8 10 11 12 13 15 16 17 | 17.6
Spellcasting   | 3 5 6 8 9 10 11 12 13 14 15 16 17 | 17.6
Hexes          | 2 6 9 10 12 13 15 16 17 18 19 21 | 21.4
Alchemy        | 2 5 7 9 10 12 13 14 15 | 15.8
Shields        | 3 4 5 6 7 9 |  9.8
Long Blades    | 2 5 7 9 10 11 | 11.3
Armour         | 7 9 |  9.3

Action                     |  1- 3 |  4- 6 |  7- 9 | 10-12 | 13-15 | 16-18 | 19-21 | 22-24 | 25-27 || total
---------------------------+-------+-------+-------+-------+-------+-------+-------+-------+-------++-------
   Fire: Shortbow          |    73 |   206 |   757 |    28 |       |       |       |       |       ||  1064
         Orcbow            |       |       |       |   199 |       |       |       |       |       ||   199
         Arbalest          |       |       |       |   346 |   762 |       |       |       |       ||  1108
         Hand cannon       |       |       |       |       |   246 |  1174 |   728 |   927 |  1120 ||  4195
  Throw: Dart              |       |       |     1 |     1 |       |       |       |       |       ||     2
   Cast: Apportation       |       |       |       |     4 |    55 |    48 |    25 |    20 |    37 ||   189
         Yara's Violent Un |       |       |       |       |       |     2 |     8 |    31 |    18 ||    59
         Eringya's Noxious |       |       |       |       |       |     1 |    35 |    28 |       ||    64
         Passwall          |       |       |       |       |       |     1 |       |       |     7 ||     8
         Enfeeble          |       |       |       |       |       |       |     3 |    54 |    76 ||   133
         Dimensional Bulls |       |       |       |       |       |       |     1 |     3 |    27 ||    31
         Discord           |       |       |       |       |       |       |       |    72 |    43 ||   115
         Passage of Golubr |       |       |       |       |       |       |       |     1 |       ||     1
 Invoke: Recite            |       |       |    25 |     2 |       |       |       |       |       ||    27
         Vitalisation      |       |       |     1 |       |       |       |       |       |       ||     1
         Oozemancy         |       |       |       |     2 |    14 |     8 |     9 |     7 |    12 ||    52
  Evoke: Wand              |       |       |     7 |     4 |    11 |     9 |     6 |     5 |     2 ||    44
         Phantom mirror    |       |       |       |       |       |       |       |       |     2 ||     2
         Phial of floods   |       |       |       |       |       |       |       |       |     1 ||     1
         Condenser vane    |       |       |       |       |       |       |       |       |     1 ||     1
    Use: Scroll            |       |       |     9 |    20 |    12 |     9 |     2 |     8 |     5 ||    65
         Potion            |       |       |       |       |     1 |     6 |     2 |     9 |     7 ||    25
 Armour: Robe              |     4 |    22 |    62 |       |       |    21 |       |       |       ||   109
         Steam dragon scal |       |       |    11 |    91 |   178 |   325 |   126 |   230 |   123 ||  1084
         Quicksilver drago |       |       |       |       |       |       |       |       |   143 ||   143
         Skin              |       |       |       |       |       |       |       |       |     1 ||     1
  Dodge: Dodged            |    21 |    55 |   282 |   397 |   796 |  1214 |   464 |   779 |  1027 ||  5035
  Block: Buckler           |       |       |       |       |   100 |   500 |   224 |   269 |   452 ||  1545
         Reflection        |       |       |       |       |    31 |    33 |    63 |    32 |    38 ||   197
